 Dungeon Crawl Stone Soup version 0.27-a0-1502-g47ed6a6988 (webtiles) character file.

Game seed: 5434146002805204231

3224 Spaninq the Thaumaturge (level 10, -14/67 HPs)
             Began as a Djinni Fire Elementalist on July 8, 2021.
             Demolished by a white ugly thing (27 damage)
             ... on level 6 of the Dungeon.
             The game lasted 00:42:22 (11695 turns).

Spaninq the Thaumaturge (Djinni Fire Elementalist) Turns: 11695, Time: 00:42:22

Health: -14/67     AC:  8    Str:  7    XL:     10   Next: 18%
Gold:   344        EV: 12    Int: 19    God:
                   SH:  0    Dex: 15

rFire    + + +     SeeInvis .   k - +4 quarterstaff (chaos)
rCold    x x .     Faith    .   (shield currently unavailable)
rNeg     . . .     Spirit   .   a - +0 robe
rPois    ∞         Reflect  .   (no helmet)
rElec    .         Harm     .   s - +2 cloak
rCorr    .         Rampage  .   r - +2 pair of gloves
Will     +....                  (boots unavailable)
Stlth    ++........             (no amulet)
HPRegen  0.21/turn              t - ring of fire
MPRegen  0.00/turn              (no ring)

@: about to teleport, flying, studying Spellcasting
A: sickness immunity, fire resistance 2, cold vulnerability 1, float, innate
caster, hp casting, extra vitality 1
a: no special abilities


You were on level 6 of the Dungeon.
You visited 2 branches of the dungeon, and saw 8 of its levels.
You also visited: Sewer.

You collected 393 gold pieces.
You spent 49 gold pieces at shops.

Inventory:

Hand Weapons
 k - a +4 quarterstaff of chaos (weapon)
Missiles
 h - 8 curare-tipped darts
 v - 2 throwing nets
Armour
 a - a +0 robe (worn)
 r - a +2 pair of gloves (worn)
 s - a +2 cloak (worn)
 u - a +0 kite shield
Jewellery
 g - an amulet of faith
 t - a ring of fire (left hand)
Wands
 x - a wand of flame (16)
Scrolls
 b - 3 scrolls of teleportation
 d - 3 scrolls of identify
 n - a scroll of fog
Potions
 c - a potion of cancellation
 e - a potion of ambrosia
 f - a potion of haste
 i - 2 potions of lignification
 j - 3 potions of curing
 l - 4 potions of might
 m - 2 potions of brilliance
 o - a potion of attraction
 p - a potion of heal wounds {unknown}
 q - a potion of mutation
 A - a potion of berserk rage


   Skills:
 - Level 3.1 Fighting
 - Level 2.1 Dodging
 - Level 1.5 Stealth
 * Level 12.4 Spellcasting


You had 8 spell levels left.
You knew the following spells:

 Your Spells              Type           Power      Damage    Failure   Level
a - Foxfire               Conj/Fire      100%       2x1d9     1%          1
b - Conjure Flame         Conj/Fire      73%        6-21      1%          3
c - Inner Flame           Hex/Fire       73%        N/A       1%          3
d - Sticky Flame          Conj/Fire      73%        2d9       1%          4
e - Fireball              Conj/Fire      36%        3d15      1%          5
f - Shock                 Conj/Air       100%       1d9       1%          1
g - Slow                  Hex            56%        N/A       1%          2
h - Poisonous Vapours     Pois/Air       100%       N/A       1%          2
i - Cause Fear            Hex            28%        N/A       1%          4
Your spell library was empty.

Dungeon Overview and Level Annotations

Branches:
Dungeon (7/15)             Temple (1/1) D:7           Sewer (visited)

Altars:
Ashenzari
Cheibriados
Dithmenos
Elyvilon
Fedhas
Gozag
Hepliaklqana
Kikubaaqudgha
Makhleb
Okawaru
Qazlal
Ru
Sif Muna
Trog
Uskayaw
Wu Jian
Xom
Yredelemnul
Zin
The Shining One

Shops:
D:4 *

Annotations:
D:6 3 runed translucent doors, DocClef's ghost, novice GnDe


Innate Abilities, Weirdness & Mutations

You are immune to sickness and miasma.
You are immune to poison.
Your flesh is very heat resistant. (rF++)
You are vulnerable to cold. (rC-)
You float through the air rather than walking.
You learn spells naturally, not from books.
Your magical power is your life essence.
You have superior vitality. (+4 HP)


Message History

There is a stone staircase leading up here.
Things that are here:
a +0 leather armour; a +0 hand axe You now have 344 gold pieces (gained 21).
w - a scroll labelled CAQOL JERISIE
As you read the scroll labelled CAQOL JERISIE, it crumbles to dust.
The air around you briefly surges with heat, but it dissipates.
It was a scroll of immolation.
As you read the scroll labelled UWAHAW NEKLATO, it crumbles to dust.
You hear a loud clanging noise!
It was a scroll of noise.
You hear two shouts!
Found a fizzy purple potion.
p - a fizzy purple potion
There is an open door here.
A five-headed hydra is nearby!
The five-headed hydra roars!
There is an escape hatch in the ceiling here.
A mysterious force pulls you upwards. The hatch slams shut behind you.
Level annotation: 3 runed translucent doors, DocClef's ghost, novice GnDe No monsters, items or features are visible.
You can't go down here!
No monsters, items or features are visible.
There is a stone staircase leading down here.
You fly downwards.
A white ugly thing comes into view.
The white ugly thing gurgles horribly!
The white ugly thing tail-slaps you! The white ugly thing freezes you!!
You feel a terrible chill!
Ouch! That really hurt!
There is a stone staircase leading up here.
The white ugly thing closely misses you.
You fly upwards.
Level annotation: 3 runed translucent doors, DocClef's ghost, novice GnDe
There is a stone staircase leading down here.
As you read the scroll of teleportation, it crumbles to dust.
You feel strangely unstable. The white ugly thing tail-slaps you!
* * * LOW HITPOINT WARNING * * *
The white ugly thing freezes you!!
You feel a terrible chill!
You die...

##[......# ##..#
#.......# ##.##
#.......# #..#
#.......# ##.#
#.......### #.#
#.........## #.#
#..........## #.#
#...........###.#
##.............u@#
.##..........#####
.##..........#
..#..........#
...#........##
.)##'########
.###.####
..##....###
.######.#.##


You could see a white ugly thing.

Vanquished Creatures
  2 trolls (D:7)
  A water moccasin (D:7)
  2 hornet zombies
  2 necrophages
  An orc warrior (D:7)
  A sky beast (D:7)
  A black bear (D:5)
  2 ogres (D:6)
  3 centaurs
  A phantom (D:5)
  A gnoll sergeant (D:7)
  A wyvern zombie (D:6)
  5 scorpions
  2 water moccasin zombies (D:6)
  A howler monkey (D:5)
  A centaur zombie (D:5)
  A bullfrog zombie (D:7)
  A hound (D:4)
  Crazy Yiuf (D:2)
  A bullfrog skeleton (D:5)
  2 gnoll shamans
  4 orc priests
  A centaur skeleton (D:7)
  Jessica (D:2)
  Terence (D:2)
  3 iguanas
  5 orc wizards
  8 gnolls
  2 howler monkey skeletons (D:6)
  10 adders
  A river rat (D:5)
  3 white imps
  An ufetubus (D:5)
  2 dart slugs (D:1)
  25 orcs
  4 endoplasms
  5 giant cockroaches
  4 goblins
  5 hobgoblins
  20 jackals
  10 kobolds
  2 quokkas
  11 ball pythons
  6 bats
  8 frilled lizards
  10 rats
185 creatures vanquished.

Vanquished Creatures (collateral kills)
  2 foxfires (Sewer)
2 creatures vanquished.

Vanquished Creatures (others)
  757 foxfires
  8 plants (Sewer)
765 creatures vanquished.

Grand Total: 952 creatures vanquished

Notes
Turn   | Place    | Note
-------+----------+-------------------------------------------
     0 | D:1      | Spaninq the Djinni Fire Elementalist began the quest for
                  | the Orb.
     0 | D:1      | Reached XP level 1. HP: 15/15 MP: 0/0
   319 | D:1      | Reached XP level 2. HP: 14/22 MP: 0/0
   745 | D:1      | Reached skill level 1 in Fighting
   888 | D:1      | You are sucked into a shaft and drop 1 floor!
   899 | D:2      | Found a faded altar of an unknown god.
  1033 | D:2      | Reached XP level 3. HP: 25/27 MP: 0/0
  1033 | D:2      | Learned a level 1 spell: Shock
  1060 | D:2      | Reached skill level 3 in Spellcasting
  1125 | D:2      | Noticed Jessica
  1129 | D:2      | Killed Jessica
  1130 | D:2      | Reached XP level 4. HP: 29/33 MP: 0/0
  1510 | D:2      | Found a runed translucent door.
  1511 | D:2      | Noticed Crazy Yiuf
  1567 | D:2      | Killed Crazy Yiuf
  1854 | D:2      | Reached XP level 5. HP: 35/38 MP: 0/0
  1854 | D:2      | Learned a level 2 spell: Slow
  2207 | D:2      | Noticed Terence
  2219 | D:2      | Reached skill level 4 in Spellcasting
  2228 | D:2      | Killed Terence
  2487 | D:3      | Found an ornate altar of the Wu Jian Council.
  2541 | D:3      | Reached XP level 6. HP: 43/45 MP: 0/0
  2558 | D:3      | Found a shimmering altar of Xom.
  2871 | D:3      | Found a glowing golden altar of the Shining One.
  4285 | D:4      | Noticed a necrophage
  4312 | D:4      | Killed a necrophage
  4313 | D:4      | Reached skill level 5 in Spellcasting
  4313 | D:4      | Reached XP level 7. HP: 34/50 MP: 0/0
  4313 | D:4      | Learned a level 2 spell: Poisonous Vapours
  4576 | D:4      | Found Danot's CLEARANCE SALE! EVERYTHING MUST GO!.
  4584 | D:4      | Bought a +2 cloak for 49 gold pieces
  5666 | D:5      | Entered Level 5 of the Dungeon
  5679 | D:5      | Reached skill level 6 in Spellcasting
  5685 | D:5      | Found an opulent altar of Gozag.
  5685 | D:5      | Found a sacrificial altar of Ru.
  5890 | D:5      | Reached XP level 8. HP: 50/56 MP: 0/0
  6125 | D:5      | Found a glowing drain.
  6132 | Sewer    | Entered a sewer
  6890 | D:5      | Reached skill level 7 in Spellcasting
  7125 | D:5      | Found a stormy altar of Qazlal.
  7684 | D:6      | Found a blossoming altar of Fedhas.
  7891 | D:6      | Identified a scroll of acquirement
  7891 | D:6      | Acquired a manual of Spellcasting
  7947 | D:6      | Reached skill level 8 in Spellcasting
  8188 | D:6      | Reached XP level 9. HP: 56/60 MP: 0/0
  8188 | D:6      | Learned a level 4 spell: Cause Fear
  8217 | D:6      | Found a runed translucent gate.
  8217 | D:6      | Found a runed translucent gate.
  8217 | D:6      | Found a runed translucent gate.
  8217 | D:6      | Noticed DocClef's ghost (novice GnDe)
  8269 | D:6      | Found a basalt altar of Yredelemnul.
  8295 | D:6      | Reached skill level 9 in Spellcasting
  9647 | D:7      | Reached skill level 10 in Spellcasting
 10108 | D:7      | Found a staircase to the Ecumenical Temple.
 10142 | Temple   | Entered the Ecumenical Temple
 10247 | D:7      | Found a hide-covered altar of Uskayaw.
 10319 | D:7      | Noticed a troll
 10331 | D:7      | Killed a troll
 10332 | D:7      | Reached skill level 11 in Spellcasting
 10608 | D:7      | Reached XP level 10. HP: 60/67 MP: 0/0
 10655 | D:7      | Noticed a five-headed hydra
 10720 | D:7      | Reached skill level 12 in Spellcasting
 11692 | D:7      | Noticed a white ugly thing
 11695 | D:6      | Demolished by a white ugly thing

Illustrated notes

Levels and vault maps discovered:
D:1:      dpeg_arrival_arbitrary_b, layout_basic,
          chequers_serial_rivers_large_b, minmay_statues_item
D:2:      layout_basic, serial_rivers, chequers_serial_rivers_large_a,
          chequers_serial_rivers_small_3, chequers_serial_rivers_micro_c,
          chequers_serial_rivers_marsh, basic_ecumenical_altar,
          minmay_tromino_v4_c, uniq_terence, uniq_jessica,
          uniq_crazy_yiuf_cottage
D:3:      layout_basic, amcnicky_altar_gilded,
          mainiacjoe_overflow_catwalk_spiral
D:4:      wad_lake_hut, layout_basic, kennysheep_path_1, grunt_ministairs_5,
          nicolae_shop_clearance
D:5:      layout_cave_pods, nicolae_overflow_hidden_temple,
          gammafunk_temple_overflow_wave, portal_sewer_entry_e
D:6:      layout_rooms, kennysheep_orc_sif_temple,
          nicolae_yredelemnul_ghost_church, fedhas_bush_and_centaur_altar
D:7:      layout_basic, kennysheep_little_box, minmay_temple_entry_junction_2,
          minmay_the_grid_2x2 [minmay_the_grid_zigzag_pyramid,
          minmay_the_grid_broken_lines, minmay_the_grid_large_cup,
          minmay_the_grid_prize_shrinking_boxes]
Temple:   eino_temple_lava

Skill      XL: |  1  2  3  4  5  6  7  8  9 10 |
---------------+-------------------------------+-----
Fighting       | 1 2 3 |  3.1
Spellcasting   | 3 4 5 6 8 11 12 | 12.4
Dodging        | |  2.1
Stealth        | |  1.5

Action                   |  1- 3 |  4- 6 |  7- 9 | 10-12 || total
-------------------------+-------+-------+-------+-------++-------
Melee: Unarmed           |       |     1 |       |       ||     1
       Quarterstaff      |       |    17 |    99 |    14 ||   130
 Cast: Foxfire           |    47 |   128 |   255 |    21 ||   451
  Use: Potion            |       |     1 |       |       ||     1
       Scroll            |       |     4 |    16 |     4 ||    24
 Stab: Sleeping          |       |       |     1 |       ||     1
Armor: Robe              |     1 |    16 |    75 |     6 ||    98
Dodge: Dodged            |     2 |    39 |    90 |    13 ||   144

Table legend: (Time is in decaauts)
 A = Elapsed time spent in this place.
 B = Non-inter-level travel time spent in this place.
 C = Inter-level travel time spent in this place.
 D = Time resting spent in this place.
 E = Time spent auto-exploring this place.
 F = Levels seen in this place.
 G = Mean time per level.
                   A        B        C        D        E       F      G
               +--------+--------+--------+--------+--------+-----+--------+
         Total |  11732 |  11185 |    547 |   1832 |   6808 |   9 | 1303.6 |
       Dungeon |  11120 |  10573 |    547 |   1832 |   6365 |   7 | 1588.6 |
        Temple |     72 |     72 |      0 |      0 |     64 |   1 |   72.0 |
         Sewer |    539 |    539 |      0 |      0 |    379 |   1 |  539.0 |
               +--------+--------+--------+--------+--------+-----+--------+

Top non-repeatable levels by time:
     D:5: 1927 daAuts
     D:7: 1826 daAuts
     D:4: 1745 daAuts
     D:6: 1706 daAuts
     D:2: 1697 daAuts
     D:3: 1254 daAuts
     D:1: 962 daAuts
   Sewer: 539 daAuts
  Temple: 72 daAuts
